 Dungeon Crawl Stone Soup version 0.22-a0-571-g4a923d4b9e (webtiles) character file.

40 Kholdaimon the Charlatan (level 3, -4/18 HPs)
             Began as a Spriggan Artificer on July 1, 2018.
             Killed from afar by Sigmund (5 damage)
             ... with a magic dart
             ... on level 2 of the Dungeon.
             The game lasted 00:10:09 (1521 turns).

Kholdaimon the Charlatan (Spriggan Artificer)       Turns: 1521, Time: 00:10:09

Health: -4/18      AC:  3    Str:  9    XL:     3   Next: 30%
Magic:  7/7        EV: 19    Int: 12    God:
Gold:   37         SH:  0    Dex: 16    Spells: 2/2 levels left

rFire    . . .     SeeInvis +   t - +0 hunting sling
rCold    . . .     Gourm    .   (shield restricted)
rNeg     . . .     Faith    .   b - +0 robe
rPois    .         Spirit   .   (helmet restricted)
rElec    .         Reflect  .   i - +0 cloak
rCorr    .         Harm     .   (gloves unavailable)
MR       .....                  (boots unavailable)
Stlth    ++........             (no amulet)
HPRegen  0.06/turn              (no ring)
MPRegen  0.10/turn              (no ring)

@: very quick
A: very small, unfitting armour, see invisible, herbivore, speed 3, slow
metabolism 2
a: no special abilities


You were on level 2 of the Dungeon.
You were not hungry.

You visited 1 branch of the dungeon, and saw 2 of its levels.

You collected 37 gold pieces.

Inventory:

Hand Weapons
 a - a +0 short sword
 t - a +0 hunting sling (weapon)
Missiles
 m - 59 stones (quivered)
 q - 22 arrows
 u - 7 poisoned needles
Armour
 b - a +0 robe (worn)
 i - a +0 cloak (worn)
Jewellery
 n - an uncursed ring of wizardry {unknown}
 s - a +4 ring of evasion {unknown}
Wands
 c - a wand of flame (6)
 d - a wand of enslavement (15)
 e - a wand of random effects (15)
Scrolls
 k - a scroll of immolation {unknown}
 l - 3 scrolls of identify {unknown}
 o - a scroll of remove curse {unknown}
Potions
 g - a potion of mutation {unknown}
 h - 2 potions of haste {unknown}
 j - a potion of curing {unknown}
 p - a potion of agility {unknown}
 r - a potion of ambrosia {unknown}
Comestibles
 f - 2 rations


   Skills:
 + Level 1.3 Fighting
 + Level 1.8 Short Blades
 + Level 0.3 Slings
 + Level 3.5 Dodging
 + Level 2.7 Stealth
 + Level 4.4 Evocations


You had 2 spell levels left.
You didn't know any spells.
Your spell library was empty.

Dungeon Overview and Level Annotations

Branches:
Dungeon (2/15)

Altars:

Annotations:
D:2 Sigmund


Innate Abilities, Weirdness & Mutations

You are very small and have problems with some larger weapons.
You are too small for most types of armour.
You have supernaturally acute eyesight. (SInv)
You are a herbivore.
You cover ground extremely quickly.
You need to consume almost no food.


Message History

You kill the rat!
Aiming: Throw Flame
Press: ? - help, Shift-Dir - straight line, f/p - Sigmund
Aim: Sigmund, wielding a scythe and wearing a robe (heavily wounded, slightly transparent)
The puff of flame hits Sigmund.
Sigmund is severely wounded.
Sigmund drinks a potion.
Sigmund is healed!
Aiming: Throw Flame
Press: ? - help, Shift-Dir - straight line, f/p - Sigmund
Aim: Sigmund, wielding a scythe and wearing a robe (lightly wounded, slightly transparent)
The puff of flame hits Sigmund.
Sigmund is moderately wounded.
Aiming: Throw Flame
Press: ? - help, Shift-Dir - straight line, f/p - Sigmund
Aim: Sigmund, wielding a scythe and wearing a robe (moderately wounded, slightly transparent)
The puff of flame hits Sigmund.
Sigmund is heavily wounded.
Sigmund casts a spell at you. The magic dart hits you!
You die...

....#.....#.#..<#.#####..########
..........#...###.....##...#
.#.................##..##).##
....(...............##.##...#
.......##########....#......##
...(...## ###..........###
.....#..# ###...##.......##
....>...# ###...#####.##.#...
.....#### ###.@.### #..#.#...
...(.# ####...### ##.#.####
.....#####r@..### #.#.####
..###...†..#### #.......
......###### ###..... ..#####
#..... ### #..... ######


You could see Sigmund (invisible) and a rat.

Vanquished Creatures
  A worm (D:2)
  A leopard gecko (D:2)
  6 bats
  3 giant cockroaches
  4 goblins
  4 hobgoblins
  4 jackals (D:1)
  A quokka (D:1)
  A frilled lizard (D:2)
  2 kobolds
  6 rats
33 creatures vanquished.

Vanquished Creatures (others)
  A quokka (D:2)
1 creature vanquished.

Grand Total: 34 creatures vanquished

Notes
Turn   | Place    | Note
-------+----------+-------------------------------------------
     0 | D:1      | Kholdaimon the Spriggan Artificer began the quest for the Orb.
     0 | D:1      | Reached XP level 1. HP: 9/9 MP: 4/4
   300 | D:1      | Reached skill level 1 in Fighting
   308 | D:1      | Reached XP level 2. HP: 9/14 MP: 6/6
  1241 | D:2      | Reached XP level 3. HP: 18/18 MP: 7/7
  1483 | D:2      | Noticed Sigmund
  1521 | D:2      | Killed from afar by Sigmund

Vault maps used:
D:1:      lemuel_arrival_hallway
D:2:      elyvilon_altar_4, uniq_sigmund

Skill      XL: |  1 |
---------------+----+-----
Fighting       | 1 |  1.3
Stealth        | 2 |  2.7
Short Blades   | |  1.8
Slings         | |  0.3
Dodging        | |  3.5
Evocations     | |  4.4

Action                   || total
-------------------------++-------
Melee: Short sword       ||    71
 Fire: Hunting sling     ||    50
Throw: Stone             ||     9
Evoke: Wand              ||     9
 Stab: Sleeping          ||     2
Armor: Robe              ||     7
Dodge: Dodged            ||    88

Table legend:
 A = Spawn XP
 B = Non-spawn XP
 C = Spawn XP percentage of total XP
 D = Spawn monster count
 E = Non-spawn monster count
 F = Spawn count percentage of total count
 G = Total turns spent on level
                    A         B        C        D         E        F      G
               +---------+---------+-------+---------+---------+-------+---------
         Total |       0 |      58 |   0.0 |       0 |      33 |   0.0 |  1521
               +---------+---------+-------+---------+---------+-------+---------
           D:1 |       0 |      33 |   0.0 |       0 |      19 |   0.0 |  1126
           D:2 |       0 |      25 |   0.0 |       0 |      14 |   0.0 |   395
               +---------+---------+-------+---------+---------+-------+---------
